 Dungeon Crawl Stone Soup version 0.23.2-1-ga50397a6bc (webtiles) character file.

Game seed: 17509162296099058588

349 Peloso the Slasher (level 6, -5/56 HPs)
             Began as a Minotaur Fighter on Apr 22, 2019.
             Slain by an orc warrior
             ... wielding a +0 mace
              (9 damage)
             ... on level 4 of the Dungeon.
             The game lasted 00:05:26 (1946 turns).

Peloso the Slasher (Minotaur Fighter)               Turns: 1946, Time: 00:05:26

Health: -5/56      AC: 12    Str: 21    XL:     6   Next: 33%
Magic:  5/5        EV:  6    Int:  5    God:
Gold:   199        SH: 10    Dex: 11    Spells: 5/5 levels left

rFire    + . .     SeeInvis .   a - +0 long sword
rCold    . . .     Gourm    .   c - +0 shield
rNeg     . . .     Faith    .   r - +3 chain mail
rPois    .         Spirit   .   (helmet restricted)
rElec    .         Reflect  .   (no cloak)
rCorr    .         Harm     .   (no gloves)
MR       .....                  (no boots)
Stlth    ..........             (no amulet)
HPRegen  0.18/turn              k - ring of wizardry
MPRegen  0.09/turn              p - ring of protection from fire

@: lethally poisoned (-5 -> -6)
A: retaliatory headbutt, horns 2
a: no special abilities


You were on level 4 of the Dungeon.
You were hungry.

You visited 1 branch of the dungeon, and saw 4 of its levels.

You collected 199 gold pieces.

Inventory:

Hand Weapons
 a - a +0 long sword (weapon)
Armour
 b - a +0 scale mail
 c - a +0 shield (worn)
 r - a +3 chain mail (worn)
Jewellery
 k - a ring of wizardry (left hand)
 p - a ring of protection from fire (right hand)
Wands
 u - a wand of flame (12)
Scrolls
 e - 2 scrolls of enchant weapon {unknown}
 h - a scroll of remove curse {unknown}
 i - a scroll of random uselessness {unknown}
 m - a scroll of teleportation {unknown}
 n - a scroll of amnesia {unknown}
 o - 3 scrolls of identify {unknown}
 q - 2 scrolls of blinking {unknown}
Potions
 d - a potion of might
 g - 4 potions of curing {unknown}
 j - a potion of magic {unknown}
 l - a potion of flight {unknown}
 s - a potion of mutation {unknown}
 t - a potion of ambrosia {unknown}
 v - a potion of agility {unknown}
 w - a potion of resistance {unknown}
Comestibles
 f - 4 rations


   Skills:
 + Level 5.0 Fighting
 + Level 5.1 Long Blades
 + Level 4.9 Armour
 + Level 1.5 Dodging
 + Level 0.4 Stealth
 + Level 4.9 Shields


You had 5 spell levels left.
You didn't know any spells.
Your spell library was empty.

Dungeon Overview and Level Annotations

Branches:
Dungeon (4/15)
 Temple: D:4-7

Altars:


Innate Abilities, Weirdness & Mutations

You reflexively headbutt those who attack you in melee.
You have a pair of horns on your head.


Message History

You hit the orc warrior. Your headbutt misses the orc warrior.
The orc warrior is almost dead.
You feel sick. The adder bites you but does no damage.
Something hits you but does no damage.
The orc warrior hits you but does no damage.
The adder bites you but does no damage. Something hits you but does no damage.
Unknown command.
You hit the orc warrior.
The orc warrior is almost dead.
The adder barely misses you. The orc warrior barely misses you.
You block something's attack. The adder closely misses you.
You riposte.
You slash the adder!
You kill the adder!
The orc warrior hits you with a +0 mace!
* * * LOW HITPOINT WARNING * * *
Your shield and chain mail prevent you from hitting the orc warrior.
The orc warrior is almost dead.
You feel sick. Something hits you but does no damage.
The orc warrior hits you with a +0 mace!
You die...

...###.. . #. #. ...<...
..>#.# #. ...#.##
#.##.#..###.
.....###..##. #..##.
........ ...###....
#..###.....## #..##.##.
......oJ....####..##.##.
#.# #o# ..#........###
#..###@# #..........# #
..#..#{.###..........###
.........####.........##
?..#..................##
..........###.....†.....
....#....## #<........#.
.........# #...........
....#...)####.........#.
.......†....#########.#.


You could see an orc warrior, an ooze and an orc.

Vanquished Creatures
  2 ogres (D:4)
  Ijyb (D:3)
  7 adders
  An ooze (D:2)
  2 dart slugs
  2 leopard geckos
  5 orcs
  7 bats
  3 giant cockroaches
  7 hobgoblins
  4 jackals
  5 kobolds (D:2)
  2 quokkas (D:2)
  7 ball pythons
  11 frilled lizards
  6 goblins
  A leopard gecko skeleton (D:4)
  7 rats
80 creatures vanquished.

Notes
Turn   | Place    | Note
-------+----------+-------------------------------------------
     0 | D:1      | Peloso the Minotaur Fighter began the quest for the Orb.
     0 | D:1      | Reached XP level 1. HP: 19/19 MP: 0/0
    42 | D:1      | Reached XP level 2. HP: 26/27 MP: 1/1
   465 | D:2      | Reached XP level 3. HP: 33/33 MP: 2/2
   491 | D:2      | Reached skill level 1 in Dodging
   799 | D:2      | Reached XP level 4. HP: 21/40 MP: 3/3
  1401 | D:3      | Noticed Ijyb
  1410 | D:3      | Killed Ijyb
  1612 | D:3      | Reached XP level 5. HP: 45/47 MP: 4/4
  1896 | D:4      | Noticed an ogre
  1903 | D:4      | Killed an ogre
  1910 | D:4      | Noticed an ogre
  1924 | D:4      | Noticed an orc warrior
  1930 | D:4      | Killed an ogre
  1930 | D:4      | Reached skill level 5 in Fighting
  1930 | D:4      | Reached skill level 5 in Long Blades
  1930 | D:4      | Reached XP level 6. HP: 46/56 MP: 5/5
  1946 | D:4      | Slain by an orc warrior

Skill      XL: |  1  2  3  4  5 |
---------------+----------------+-----
Fighting       | 4 5 |  5.0
Armour         | 4 |  4.9
Shields        | 4 |  4.9
Dodging        | 1 |  1.5
Long Blades    | 3 4 5 |  5.1
Stealth        | |  0.4

Action                   |  1- 3 |  4- 6 || total
-------------------------+-------+-------++-------
Melee: Long sword        |    75 |   115 ||   190
       Headbutt          |    15 |    20 ||    35
  Eat: Chunk             |       |     3 ||     3
Armor: Scale mail        |    33 |    10 ||    43
       Chain mail        |       |    47 ||    47
Dodge: Dodged            |    32 |    30 ||    62
Block: Shield            |    47 |    58 ||   105
       Rpst.: Long sword |    11 |     9 ||    20
